 Dungeon Crawl Stone Soup version 0.28-a0-1114-g8eb0198dcf (webtiles) character file.

Game seed: 17597240364998727436

414 Peloso the Covered (level 6, 0/56 HPs)
             Began as a Minotaur Fighter on Dec 11, 2021.
             Slain by Grinder (4 damage)
             ... while paralysed by Grinder
             ... on level 4 of the Dungeon.
             The game lasted 00:05:20 (3789 turns).

Peloso the Covered (Minotaur Fighter)               Turns: 3789, Time: 00:05:20

Health: 0/56       AC: 10    Str: 20      XL:     6   Next: 60%
Magic:  0/5        EV:  2    Int:  5      God:
Gold:   103        SH:  0    Dex:  9 (12) Spells: 5/5 levels left

rFire   . . .      SeeInvis .   a - +0 long sword
rCold   . . .      Faith    .   c - +0 buckler
rNeg    . . .      Spirit   +   u - +0 chain mail
rPois   .          Reflect  .   (helmet restricted)
rElec   .          Harm     .   (no cloak)
rCorr   +          Rampage  .   (no gloves)
Will    .....                   (no boots)
Stlth   ..........              h - amulet of guardian spirit
HPRegen 0.18/turn               e - ring of resist corrosion
MPRegen 0.09/turn               (no ring)

@: paralysed, mighty
A: horns 2, retaliatory headbutt
a: no special abilities


You were on level 4 of the Dungeon.
You visited 1 branch of the dungeon, and saw 4 of its levels.

You collected 181 gold pieces.
You spent 78 gold pieces at shops.

Inventory:

Hand Weapons
 a - a +0 long sword (weapon)
Armour
 b - a +0 scale mail
 c - a +0 buckler (worn)
 u - a +0 chain mail (worn)
Jewellery
 e - a ring of resist corrosion (left hand)
 h - an amulet of guardian spirit (around neck)
Wands
 n - a wand of acid (8)
 x - a wand of charming (2)
Scrolls
 f - a scroll of fog
 g - a scroll of silence
 j - 2 scrolls of blinking {unknown}
 l - 3 scrolls of enchant weapon {unknown}
 y - a scroll of teleportation
 z - a scroll of noise
 B - a scroll of brand weapon {unknown}
Potions
 i - a potion of resistance {unknown}
 k - a potion of mutation {unknown}
 m - 3 potions of curing
 o - a potion of invisibility {unknown}
 p - a potion of degeneration {unknown}
 q - 2 potions of haste
 r - a potion of heal wounds {unknown}
 s - 2 potions of brilliance {unknown}
 t - 5 potions of attraction {unknown}
 v - a potion of cancellation {unknown}
 w - a potion of flight {unknown}
 A - a potion of ambrosia {unknown}


   Skills:
 + Level 5.1 Fighting
 + Level 5.0 Long Blades
 + Level 5.9 Armour
 + Level 1.5 Dodging
 + Level 0.1 Stealth
 + Level 4.5 Shields


You had 5 spell levels left.
You didn't know any spells.
Your spell library was empty.

Dungeon Overview and Level Annotations

Branches:
Dungeon (4/15)
 Temple: D:4-7

Altars:
Kikubaaqudgha

Shops:
D:3 ?

Annotations:
D:4 Eustachio, Grinder


Innate Abilities, Weirdness & Mutations

You have a pair of horns on your head.
You reflexively headbutt those who attack you in melee.


Message History

You closely miss the quasit.
The quasit is heavily wounded.
You block the quasit's attack.
The quasit claws you but does no damage.
You block the quasit's attack.
The quasit bites you but does no damage.
The quasit barely misses you. x2
You closely miss the quasit. Your headbutt misses the quasit.
The quasit is heavily wounded.
The iron imp disappears in a puff of smoke!
Grinder says, "Tell me all your secrets, or I'll kill you."
Grinder gestures at you.
You suddenly lose the ability to move!
The quasit bites you but does no damage.
The quasit claws you but does no damage. x2
Grinder gestures at you. Pain shoots through your body!
The quasit bites you but does no damage.
The quasit claws you but does no damage. x2
Grinder gestures at you. Pain shoots through your body! The quasit bites you.
The quasit claws you but does no damage. x2
Grinder hits you.
You writhe in agony.
The quasit bites you.
* * * LOW HITPOINT WARNING * * *
You feel clumsy.
The quasit claws you but does no damage. x2
Grinder hits you but does no damage.
The quasit bites you but does no damage.
The quasit claws you but does no damage. x2
Grinder hits you.
* * * LOW HITPOINT WARNING * * *
You writhe in agony.
* * * LOW HITPOINT WARNING * * *
The quasit bites you but does no damage.
The quasit claws you but does no damage. x2
Grinder hits you.
* * * LOW HITPOINT WARNING * * *
You writhe in agony.
You die...

#### ##.######....
##........... #########
##............ ##.......##
##........[.... ...........#
#.....)........ ...........#
##.......>....##
(..........###@............#
...........##5.#...........#
...........5@###...........#
............## #......###..#
..........).# #......# ..#
.....:......# ##.....# .#
..........### #.......
###.....### ###.....
...ยงยง..## ......# .....#


You could see Eustachio, Grinder (fast) and a quasit (summoned).

Vanquished Creatures
  A centaur (D:3)
  Natasha (thrice) (D:2)
  2 iguanas (D:3)
  Ijyb (D:3)
  Robin (D:3)
  5 adders
  A worm (D:3)
  5 dart slugs
  10 orcs
  5 ball pythons (D:3)
  2 endoplasms (D:3)
  5 giant cockroaches
  17 goblins
  8 hobgoblins
  12 jackals
  8 kobolds
  A quokka (D:3)
  5 bats
  A frilled lizard (D:1)
  6 rats
99 creatures vanquished.

Notes
Turn   | Place    | Note
-------+----------+-------------------------------------------
     0 | D:1      | Peloso the Minotaur Fighter began the quest for the Orb.
     0 | D:1      | Reached XP level 1. HP: 19/19 MP: 0/0
   160 | D:1      | Reached XP level 2. HP: 27/27 MP: 1/1
   540 | D:1      | Reached XP level 3. HP: 18/33 MP: 2/2
  1118 | D:2      | Found an ancient bone altar of Kikubaaqudgha.
  1525 | D:2      | Noticed Natasha
  1540 | D:2      | Killed Natasha
  1541 | D:2      | Reached XP level 4. HP: 9/41 MP: 3/3
  1681 | D:2      | Noticed Natasha
  1687 | D:2      | Killed Natasha
  1999 | D:2      | Noticed Natasha
  2004 | D:2      | Killed Natasha
  2005 | D:2      | Reached skill level 1 in Dodging
  2051 | D:3      | Noticed a centaur
  2058 | D:3      | Killed a centaur
  2059 | D:3      | Reached skill level 5 in Armour
  2059 | D:3      | Reached XP level 5. HP: 20/47 MP: 4/4
  2502 | D:3      | Reached XP level 6. HP: 51/55 MP: 3/5
  2523 | D:3      | Noticed Robin
  2539 | D:3      | Killed Robin
  2540 | D:3      | Reached skill level 5 in Fighting
  3122 | D:3      | Noticed Ijyb
  3153 | D:3      | Killed Ijyb
  3189 | D:3      | Found Tiec's Magic Scroll Emporium.
  3199 | D:3      | Bought a scroll of identify for 26 gold pieces
  3199 | D:3      | Bought a scroll of teleportation for 39 gold pieces
  3199 | D:3      | Bought a scroll of noise for 13 gold pieces
  3739 | D:4      | Noticed Eustachio
  3766 | D:4      | Noticed Grinder
  3780 | D:4      | Reached skill level 5 in Long Blades
  3785 | D:4      | Paralysed by Grinder for 7 turns
  3789 | D:4      | Slain by Grinder

Illustrated notes

Levels and vault maps discovered:
D:1:      onia_arrival_pentagram, layout_basic, minmay_heptomino_l4
D:2:      layout_loops_ring, basic_altar, minmay_misc_feat_rows, uniq_natasha
D:3:      minmay_razor_zed, layout_rooms, serial_corexii_hall,
          corexii_hall_statues_i, chequers_hall_statues_y, serial_shops,
          nicolae_lakefront_shop, uniq_robin, uniq_ijyb
D:4:      layout_cave_pods, serial_shops, kennysheep_mini,
          ebering_ghost_rock_garden, minmay_starry_boxes, uniq_eustachio,
          uniq_grinder

Skill      XL: |  1  2  3  4  5  6 |
---------------+-------------------+-----
Fighting       | 4 5 |  5.1
Armour         | 4 5 |  5.9
Shields        | 4 |  4.5
Long Blades    | 3 4 5 |  5.0
Dodging        | 1 |  1.5
Stealth        | |  0.1

Action                   |  1- 3 |  4- 6 || total
-------------------------+-------+-------++-------
Melee: Long sword        |    89 |   175 ||   264
       Headbutt          |    14 |    29 ||    43
  Use: Potion            |       |     3 ||     3
       Scroll            |       |     2 ||     2
Armor: Scale mail        |    45 |    22 ||    67
       Chain mail        |       |   142 ||   142
Dodge: Dodged            |    50 |    97 ||   147
Block: Buckler           |    26 |    62 ||    88

Table legend: (Time is in decaauts)
 A = Elapsed time spent in this place.
 B = Non-inter-level travel time spent in this place.
 C = Inter-level travel time spent in this place.
 D = Time resting spent in this place.
 E = Time spent auto-exploring this place.
 F = Levels seen in this place.
 G = Mean time per level.
                   A        B        C        D        E       F      G
               +--------+--------+--------+--------+--------+-----+--------+
         Total |   3853 |   3793 |     60 |      0 |   3046 |   4 |  963.2 |
       Dungeon |   3853 |   3793 |     60 |      0 |   3046 |   4 |  963.2 |
               +--------+--------+--------+--------+--------+-----+--------+

Top non-repeatable levels by time:
     D:3: 1637 daAuts
     D:1: 1076 daAuts
     D:2: 1010 daAuts
     D:4: 129 daAuts
